 Dungeon Crawl Stone Soup version 0.24.0-1-gfbc8707 (webtiles) character file.

Game seed: 15308266116289788136, levelgen mode: deterministic

233 Balder the Skirmisher (level 6, 0/56 HPs)
             Began as a Hill Orc Fighter on Oct 27, 2019.
             Was an Initiate of Okawaru.
             Succumbed to a gnoll's poison
             ... on level 4 of the Dungeon.
             The game lasted 00:10:50 (2456 turns).

Balder the Skirmisher (Hill Orc Fighter)            Turns: 2456, Time: 00:10:51

Health: 0/56       AC: 10    Str: 19    XL:     6   Next: 5%
Magic:  6/6        EV:  5    Int:  8    God:    Okawaru [......]
Gold:   123        SH:  9    Dex: 12    Spells: 5/5 levels left

rFire    . . .     SeeInvis .   a - +0 war axe
rCold    . . .     Gourm    .   c - +0 shield
rNeg     . . .     Faith    .   l - +0 chain mail
rPois    .         Spirit   .   m - +0 helmet
rElec    .         Reflect  .   (no cloak)
rCorr    +         Harm     .   (no gloves)
MR       .....                  (no boots)
Stlth    ..........             (no amulet)
HPRegen  0.18/turn              k - ring of resist corrosion
MPRegen  0.10/turn              (no ring)

@: lethally poisoned (0 -> -9)
A: no striking features
a: Renounce Religion


You were on level 4 of the Dungeon.
You worshipped Okawaru.
Okawaru was noncommittal.
You were not hungry.

You visited 2 branches of the dungeon, and saw 5 of its levels.

You collected 123 gold pieces.

Inventory:

Hand Weapons
 a - a +0 war axe (weapon)
 d - a +0 falchion
Missiles
 o - 7 atropa-tipped darts (quivered)
Armour
 c - a +0 shield (worn)
 l - a +0 chain mail (worn)
 m - a +0 helmet (worn)
Jewellery
 k - a ring of resist corrosion (left hand)
Scrolls
 e - a scroll of amnesia {unknown}
 i - 2 scrolls of remove curse
 j - 4 scrolls of identify
 n - 2 scrolls of enchant armour
 p - a scroll of fear {unknown}
 q - a scroll of magic mapping {unknown}
 r - a scroll of teleportation {unknown}
Comestibles
 f - 6 rations


   Skills:
 * Level 5.1 Fighting
 * Level 5.1 Axes
 * Level 0.8 Throwing
 * Level 3.8 Armour
 + Level 0.4 Dodging
 * Level 4.2 Shields
 * Level 0.9 Invocations


You had 5 spell levels left.
You didn't know any spells.
Your spell library was empty.

Dungeon Overview and Level Annotations

Branches:
Dungeon (4/15)             Temple (1/1) D:4

Altars:
Ashenzari
Cheibriados
Dithmenos
Gozag
Okawaru
Zin


Message History

You feel sick. The gnoll hits you but does no damage.
You are more poisoned.
You hit the gnoll.
You kill the gnoll!
Okawaru accepts your kill.
* * * LOW HITPOINT WARNING * * *
You feel sick.
As you read the scroll labeled AWOESY NEMACS, it crumbles to dust.
You feel blessed for a moment.
It was a scroll of remove curse.
You are no longer glowing.
* * * LOW HITPOINT WARNING * * *
You feel sick.
Okay, then.
k - a ring of resist corrosion (left hand)
* * * LOW HITPOINT WARNING * * *
You feel sick.
As you read the scroll labeled TOEGYL ERADO, it crumbles to dust.
It is a scroll of identify.
n - 2 scrolls of enchant armour You die...

#.#..⌠...⌠..##.
#.#.(.......#..
#......>).....#
...#.........#..
....#..⌠...⌠..#.#
................#
...##.........###
##.##)##.## ...
#@# ... #.#. #.#
##+# #. #........
# ##.......
....... .......
....... .......
.......


There were no monsters in sight!

Vanquished Creatures
  A howler monkey (D:2)
  A gnoll shaman (D:4)
  Terence (D:2)
  4 gnolls (D:4)
  4 adders
  4 leopard geckos
  An orc (D:2)
  3 giant cockroaches (D:2)
  8 goblins
  5 hobgoblins
  7 jackals
  9 kobolds
  A quokka (D:2)
  9 bats
  2 frilled lizards (D:1)
  2 rats
62 creatures vanquished.

Notes
Turn   | Place    | Note
-------+----------+-------------------------------------------
     0 | D:1      | Balder the Hill Orc Fighter began the quest for the Orb.
     0 | D:1      | Reached XP level 1. HP: 19/19 MP: 1/1
   149 | D:1      | Reached XP level 2. HP: 22/27 MP: 2/2
  1051 | D:2      | Noticed Terence
  1063 | D:2      | Killed Terence
  1063 | D:2      | Reached XP level 3. HP: 19/33 MP: 3/3
  1401 | D:2      | Reached XP level 4. HP: 37/40 MP: 4/4
  1566 | D:2      | Found a glowing silver altar of Zin.
  1968 | D:2      | Reached XP level 5. HP: 38/47 MP: 5/5
  2396 | D:4      | Found a staircase to the Ecumenical Temple.
  2405 | Temple   | Entered the Ecumenical Temple
  2411 | Temple   | Became a worshipper of Warmaster Okawaru
  2442 | D:4      | Reached skill level 5 in Fighting
  2447 | D:4      | Reached skill level 5 in Axes
  2447 | D:4      | Reached XP level 6. HP: 10/56 MP: 6/6
  2454 | D:4      | HP: 2/56 [poisoned by a gnoll]
  2456 | D:4      | Succumbed to a gnoll's poison

Levels and vault maps discovered:
D:1:      dpeg_arrival_pond, layout_basic
D:2:      layout_loops_cross, zin_treasury, grunt_decor_resistance,
          skrybe_limestone_x, uniq_terence
D:3:      layout_rooms, first_ration
D:4:      layout_basic, minmay_temple_entry_large_hall, tgw_xom
Temple:   eino_temple_rhombus

Skill      XL: |  1  2  3  4  5 |
---------------+----------------+-----
Axes           | 3 4 5 |  5.1
Fighting       | 4 5 |  5.1
Shields        | 4 |  4.2
Throwing       | |  0.8
Armour         | |  3.8
Dodging        | |  0.4
Invocations    | |  0.9

Action                   |  1- 3 |  4- 6 || total
-------------------------+-------+-------++-------
Melee: War axe           |    86 |   139 ||   225
Throw: Dart              |       |     1 ||     1
  Use: Potion            |     1 |     3 ||     4
       Scroll            |       |     2 ||     2
  Eat: Ration            |     1 |       ||     1
       Chunk             |       |     2 ||     2
Armor: Scale mail        |    25 |       ||    25
       Chain mail        |    18 |    86 ||   104
Dodge: Dodged            |    28 |    41 ||    69
Block: Shield            |    51 |    89 ||   140
